[Event "WTCC-50 2018"]
[Site "Radebeul"]
[Date "2018.07.10"]
[Round "4"]
[White "Taggatz, Mario"]
[Black "Rewitz, Poul"]
[Result "1/2-1/2"]
[ECO "A48"]
[WhiteElo "2191"]
[BlackElo "2289"]
[Annotator "NA"]
[PlyCount "254"]
[EventDate "2018.07.07"]
[EventType "team-tourn"]
[EventCountry "GER"]
[SourceTitle "playchess.com"]
[Source "ChessBase"]
[SourceQuality "1"]
[TimeControl "40/5400+30:1800+30"]

1. d4 Nf6 2. Nf3 g6 3. Bg5 Ne4 4. Bh4 d5 5. e3 c5 {[%emt 0:00:43] D03: Damenbauernspiele} (5... Bg7 6. Be2 O-O 7. O-O c5 8. Nbd2 Nc6 9. c3 cxd4 10. exd4 h6 11. Ne1 Nd6 12. Bg3 Nf5 13. Bf4 e5 14. Bxe5 Nxe5 15. dxe5 Bxe5 16. Nef3 Bg7 17. Nb3 {½-½ (35) Karthikeyan,P (2502)-Kiran,M (2160) Mumbai 2017}) 6. c3 Qb6 7. Qb3 c4 8. Qxb6 $146 ({Vorgänger:} 8. Qc2 Bf5 9. Qc1 Nd7 10. Be2 Bg7 11. O-O Ndf6 12. Nbd2 Qc7 13. Nxe4 Nxe4 {1-0 (35) Maia,L (2279)-Martinez,A (2068) Sao Bernardo do Campo 2012}) 8... axb6 9. Nbd2 Nxd2 10. Nxd2 f5 11. f3 Bh6 12. e4 e6 13. a3 Nc6 14. g4 Na5 15. g5 Bg7 16. exd5 exd5 17. f4 Kd7 18. Bg2 Kd6 19. Kf2 Bd7 20. Rae1 Ba4 21. Re2 Rae8 22. Rhe1 Rxe2+ 23. Rxe2 Bd1 24. Re1 Bc2 25. Bg3 Be4 26. h4 h5 27. Bf1 b5 28. Nf3 Bxf3 29. Kxf3 Nb3 30. Ke2 Re8+ 31. Kd1 Ra8 32. Bf2 Na5 33. Bg2 Nc6 34. Kc2 Rd8 35. Bf3 Ne7 36. Re2 Nc8 37. Kc1 Nb6 38. Re1 Na8 39. Re2 Nc7 40. Re1 Ne6 41. Bg3 Ra8 42. Kb1 Re8 43. Re2 Kc6 44. Re1 Nc7 45. Rxe8 Nxe8 46. Kc2 Nc7 47. Kd2 Kd6 48. Bd1 Ke6 49. Ke3 Bf8 50. Bc2 Ne8 51. Bd1 Nd6 52. Bc2 Ne4 53. Be1 Bd6 54. Bd1 Kd7 55. Bc2 Bb8 56. Bd1 Kc6 57. Bc2 Nd6 58. Bd2 Ne8 59. Be1 Ng7 60. Bg3 Ne6 61. Bd1 Bd6 62. Bf3 Nd8 63. Bd1 Bc7 64. Bf3 Kd6 65. Bd1 Nc6 66. Bc2 Na5 67. Bd1 Ke6 68. Bc2 Bd6 69. Bd1 Kd7 70. Bc2 Kc6 71. Bd1 Nb3 72. Be2 Nc1 73. Kd2 Nb3+ (73... Nxe2 $15 74. Kxe2 Kb6) 74. Ke3 Kd7 75. Bf3 Ke6 76. Be2 Bb8 77. Bf3 Bc7 78. Be2 Bb6 79. Bd1 Ba5 80. Bc2 Bb6 81. Bd1 Nc1 82. Bc2 Nb3 83. Bd1 Na5 84. Bc2 Nc6 85. Bd1 Ne7 86. Bc2 Nc8 87. Bd1 Nd6 88. Bc2 Ne4 89. Be1 Bc7 90. Bd1 Bd6 91. Bc2 b6 92. Bd1 Kd7 93. Bc2 Kc6 94. Bd1 Be7 95. Bc2 Nd6 96. Bd1 Ne8 97. Bf3 Nc7 98. Bg3 Ne6 99. Bd1 Bd6 100. Bf3 Nc7 101. Bd1 Kb7 102. Bc2 Ka6 103. Bd1 Ka5 104. Bc2 Bf8 105. Be1 Ne8 106. Bd1 Nd6 107. Bc2 Ne4 108. Bd1 Ka6 109. Bc2 Kb7 110. Bd1 Kc6 111. Bc2 Nd6 112. Bd1 Nb7 113. Bc2 Na5 114. Bg3 Nb3 115. Bd1 Bd6 116. Be2 Nc1 117. Kd2 Nxe2 118. Kxe2 Kb7 119. Kd2 Ka6 120. Kc2 Ka5 121. Kb1 $11 Ka4 122. Ka2 Bb8 123. Bh2 Bc7 124. Bg3 Bb8 125. Bh2 Bc7 126. Bg3 Bd6 127. Bh2 Bc7 1/2-1/2

[Event "WTCC-50 2018"]
[Site "Radebeul"]
[Date "2018.07.10"]
[Round "4"]
[White "Chan, Peng Kong"]
[Black "Wuttke, Hans"]
[Result "1/2-1/2"]
[ECO "A04"]
[WhiteElo "2158"]
[BlackElo "2160"]
[Annotator "NA"]
[PlyCount "33"]
[EventDate "2018.07.07"]
[EventType "team-tourn"]
[EventCountry "GER"]
[SourceTitle "playchess.com"]
[Source "ChessBase"]
[SourceQuality "1"]
[TimeControl "40/5400+30:1800+30"]

1. Nf3 e6 2. c4 c5 3. g3 b6 4. Bg2 Bb7 5. O-O Nf6 6. b3 Be7 7. Bb2 O-O 8. Nc3 d6 9. d4 cxd4 10. Qxd4 a6 11. Rfd1 Nbd7 12. Rac1 Qc7 13. e4 Rfe8 14. Ne1 Rad8 15. Nc2 Bf8 16. Ne3 Qb8 17. Qd2 1/2-1/2

[Event "WTCC-50 2018"]
[Site "Radebeul"]
[Date "2018.07.10"]
[Round "4"]
[White "Ernst, Michael"]
[Black "Sazonova, Elena N"]
[Result "1/2-1/2"]
[ECO "A48"]
[WhiteElo "2156"]
[BlackElo "2146"]
[Annotator "NA"]
[PlyCount "48"]
[EventDate "2018.07.07"]
[EventType "team-tourn"]
[EventCountry "GER"]
[SourceTitle "playchess.com"]
[Source "ChessBase"]
[SourceQuality "1"]
[TimeControl "40/5400+30:1800+30"]

1. d4 Nf6 2. Nf3 g6 3. Bf4 Bg7 4. h3 O-O 5. e3 d6 6. Be2 Nbd7 7. O-O Qe8 8. Bh2 e5 9. c4 Qe7 10. Nc3 c6 11. b4 Rd8 12. Qc2 Nf8 13. c5 dxc5 14. dxc5 Nd5 15. Nxd5 Rxd5 16. Bc4 Rd8 17. Rad1 Bf5 18. Qc3 Rxd1 19. Rxd1 Re8 20. Qd2 Be4 21. Qd6 Bxf3 22. Qxe7 Rxe7 23. gxf3 Rd7 24. Rxd7 Nxd7 1/2-1/2

[Event "WTCC-50 2018"]
[Site "Radebeul"]
[Date "2018.07.10"]
[Round "4"]
[White "Frostick, Clive A"]
[Black "Boehm, Martin"]
[Result "1/2-1/2"]
[ECO "B40"]
[WhiteElo "2133"]
[BlackElo "2172"]
[Annotator "NA"]
[PlyCount "38"]
[EventDate "2018.07.07"]
[EventType "team-tourn"]
[EventCountry "GER"]
[SourceTitle "playchess.com"]
[Source "ChessBase"]
[SourceQuality "1"]
[TimeControl "40/5400+30:1800+30"]

1. e4 c5 2. Nf3 e6 3. g3 Nc6 4. Bg2 d5 5. exd5 exd5 6. d4 Bg4 7. c3 cxd4 8. O-O Nf6 9. h3 Bxf3 10. Qxf3 Be7 11. Bg5 O-O 12. Bxf6 Bxf6 13. Qxd5 Qb6 14. Qb3 Na5 15. Qxb6 axb6 16. Nd2 dxc3 17. bxc3 Bxc3 18. Rad1 Rfd8 19. Nb3 Nxb3 1/2-1/2

[Event "WTCC-50 2018"]
[Site "Radebeul"]
[Date "2018.07.10"]
[Round "4"]
[White "Rensch, Toralf"]
[Black "Schultz, Andreas"]
[Result "1/2-1/2"]
[ECO "C07"]
[WhiteElo "2088"]
[BlackElo "2211"]
[Annotator "NA"]
[PlyCount "41"]
[EventDate "2018.07.07"]
[EventType "team-tourn"]
[EventCountry "GER"]
[SourceTitle "playchess.com"]
[Source "ChessBase"]
[SourceQuality "1"]
[TimeControl "40/5400+30:1800+30"]

1. e4 e6 2. d4 d5 3. Nd2 c5 4. Ngf3 Nf6 5. exd5 exd5 6. Bb5+ Bd7 7. Qe2+ Be7 8. dxc5 O-O 9. O-O Bxc5 10. Bxd7 Qxd7 11. Nb3 Bb6 12. Bg5 Ne4 13. Rad1 Nxg5 14. Nxg5 Qf5 15. Nf3 Nc6 16. Qd3 Qf6 17. c3 Rad8 18. Nbd4 g6 19. Rfe1 Rfe8 20. Kf1 Kf8 21. Qd2 1/2-1/2

[Event "WTCC-50 2018"]
[Site "Radebeul"]
[Date "2018.07.10"]
[Round "4"]
[White "Berndt, Matthias"]
[Black "Homer, Stephen J"]
[Result "1-0"]
[ECO "B26"]
[WhiteElo "2077"]
[BlackElo "2020"]
[Annotator "NA"]
[PlyCount "65"]
[EventDate "2018.07.07"]
[EventType "team-tourn"]
[EventCountry "GER"]
[SourceTitle "playchess.com"]
[Source "ChessBase"]
[SourceQuality "1"]
[TimeControl "40/5400+30:1800+30"]

1. e4 c5 2. d3 Nc6 3. g3 g6 4. Bg2 Bg7 5. Nc3 d6 6. Be3 Rb8 7. f4 e6 8. Qd2 Nge7 9. g4 h5 10. gxh5 Rxh5 11. Nf3 Nd4 12. O-O Nec6 13. Nd1 Qa5 14. Qf2 Qa4 15. Ne1 Qa5 16. Bd2 Qd8 17. c3 Nb5 18. Nf3 Nc7 19. Qg3 d5 20. Ng5 Qd6 21. Ne3 Kf8 22. Rae1 Bd7 23. Bf3 Rh8 24. h4 b5 25. Re2 d4 26. Ng4 dxc3 27. bxc3 b4 28. cxb4 Nd4 29. Rg2 Nxf3+ 30. Rxf3 Nb5 31. Nxf7 Kxf7 32. Ne5+ Bxe5 33. fxe5+ 1-0

[Event "WTCC-50 2018"]
[Site "Radebeul"]
[Date "2018.07.10"]
[Round "4"]
[White "Bowmer, Kevin"]
[Black "Titscher, Libor"]
[Result "1-0"]
[ECO "B39"]
[WhiteElo "2039"]
[BlackElo "2306"]
[Annotator "ChessBase"]
[PlyCount "90"]
[EventDate "2018.07.07"]
[EventType "team-tourn"]
[EventCountry "GER"]
[SourceTitle "playchess.com"]
[Source "ChessBase"]
[SourceQuality "1"]
[TimeControl "40/5400+30:1800+30"]

1. e4 c5 2. Nf3 Nc6 3. d4 cxd4 4. Nxd4 g6 5. c4 Bg7 6. Be3 Nf6 7. Nc3 Ng4 8. Qxg4 Nxd4 9. Qd1 Ne6 10. Rc1 Qa5 11. Bd3 b6 12. Qd2 g5 13. O-O Qe5 14. b3 Bb7 15. Nd5 h5 16. f3 h4 17. Bb1 d6 18. Rcd1 Kf8 19. a4 Qb2 20. Qxb2 Bxb2 21. Rf2 Be5 22. Ra2 Nf4 23. h3 e6 24. Nc7 Rd8 25. Nb5 d5 26. Nxa7 d4 27. Nb5 Ke7 28. Nxd4 Rd7 29. Rad2 Rhd8 30. Kf1 Bd6 31. Ne2 Bc5 32. Bxc5+ bxc5 33. Rxd7+ Rxd7 34. Rxd7+ Kxd7 35. Nxf4 gxf4 36. e5 Ke7 37. Be4 Ba6 38. Ke2 f5 39. exf6+ Kxf6 40. Kd3 Ke5 41. Kc3 Kd6 42. b4 cxb4+ 43. Kxb4 e5 44. a5 Kc7 45. Kc5 Bc8 1-0

[Event "WTCC-50 2018"]
[Site "Radebeul"]
[Date "2018.07.10"]
[Round "4"]
[White "Thurstan, Tim M"]
[Black "Schulenburg, Bernd"]
[Result "1-0"]
[ECO "A02"]
[WhiteElo "2035"]
[BlackElo "2152"]
[Annotator "NA"]
[PlyCount "99"]
[EventDate "2018.07.07"]
[EventType "team-tourn"]
[EventCountry "GER"]
[SourceTitle "playchess.com"]
[Source "ChessBase"]
[SourceQuality "1"]
[TimeControl "40/5400+30:1800+30"]

1. f4 Nf6 2. Nf3 c5 3. g3 b5 4. Bg2 Bb7 5. d3 d5 6. Ne5 Qc7 7. O-O g6 8. Nd2 Bg7 9. e4 O-O 10. Qe2 e6 11. Rb1 a5 12. b3 Nc6 13. Nxc6 Bxc6 14. e5 Nd7 15. c3 Rfb8 16. Nf3 Bf8 17. g4 Re8 18. Be3 Qb7 19. Bf2 a4 20. Bg3 axb3 21. axb3 Bg7 22. Rfe1 Ra3 23. f5 Nb6 24. d4 c4 25. Qc2 cxb3 26. Rxb3 Rea8 27. fxe6 fxe6 28. Bf1 Nc4 29. Rxa3 Rxa3 30. Bd3 b4 31. cxb4 Qxb4 32. Rb1 Qc3 33. Qxc3 Rxc3 34. Bxc4 Rxc4 35. Rb8+ Kf7 36. Ng5+ Ke7 37. Nxh7 Rxd4 38. Bh4+ Kd7 39. Nf6+ Kc7 40. Rg8 Bxf6 41. exf6 Rd1+ 42. Kf2 Bb5 43. Bg3+ Kd7 44. Rg7+ Kc6 45. Rxg6 Rf1+ 46. Kg2 d4 47. Bf2 d3 48. f7 d2 49. f8=Q d1=Q 50. Qc5+ 1-0

[Event "WTCC-50 2018"]
[Site "Radebeul"]
[Date "2018.07.10"]
[Round "4"]
[White "Marwitz, Tino"]
[Black "Teo, Kok Siong"]
[Result "1/2-1/2"]
[ECO "E06"]
[WhiteElo "2031"]
[BlackElo "2213"]
[Annotator "NA"]
[PlyCount "38"]
[EventDate "2018.07.07"]
[EventType "team-tourn"]
[EventCountry "GER"]
[SourceTitle "playchess.com"]
[Source "ChessBase"]
[SourceQuality "1"]
[TimeControl "40/5400+30:1800+30"]

1. d4 Nf6 2. c4 e6 3. g3 d5 4. Bg2 Be7 5. Nf3 O-O 6. O-O b6 7. Nc3 Bb7 8. cxd5 Nxd5 9. Re1 Nxc3 10. bxc3 c5 11. e4 Nd7 12. e5 b5 13. Rb1 Qa5 14. Bd2 Rab8 15. c4 Qxa2 16. cxb5 cxd4 17. Bb4 Bxb4 18. Rxb4 d3 19. Qxd3 Nc5 1/2-1/2

[Event "WTCC-50 2018"]
[Site "Radebeul"]
[Date "2018.07.10"]
[Round "4"]
[White "Habel, Christof"]
[Black "Fegan, Chris"]
[Result "1/2-1/2"]
[ECO "A80"]
[WhiteElo "2026"]
[BlackElo "2040"]
[Annotator "NA"]
[PlyCount "87"]
[EventDate "2018.07.07"]
[EventType "team-tourn"]
[EventCountry "GER"]
[SourceTitle "playchess.com"]
[Source "ChessBase"]
[SourceQuality "1"]
[TimeControl "40/5400+30:1800+30"]

1. d4 f5 2. Nc3 Nf6 3. Bg5 g6 4. Bxf6 exf6 5. d5 d6 6. Nf3 Bg7 7. e3 O-O 8. Bd3 Nd7 9. Nd4 Ne5 10. h4 c5 11. dxc6 bxc6 12. h5 Qb6 13. b3 f4 14. Na4 Qa5+ 15. Qd2 Nxd3+ 16. cxd3 Qe5 17. hxg6 hxg6 18. Rb1 Re8 19. Nc2 Qg5 20. Kf1 fxe3 21. Nxe3 Ba6 22. Nb2 d5 23. Rh3 f5 24. Na4 Bh6 25. Nc5 Bc8 26. Rg3 Qh5 27. Rh3 Bxe3 28. fxe3 Qg4 29. Qc3 d4 30. Qxd4 Qxd4 31. exd4 Rd8 32. Re1 Kg7 33. Re7+ Kf6 34. Rc7 Rxd4 35. Rxc6+ Kg5 36. Re3 f4 37. Re5+ Kh6 38. Rc7 Bf5 39. Rf7 a5 40. Rf6 Kg5 41. Rb6 Kg4 42. Kf2 Rh8 43. Rf6 Rh1 44. Re2 1/2-1/2

[Event "WTCC-50 2018"]
[Site "Radebeul"]
[Date "2018.07.10"]
[Round "4"]
[White "Cordes, Steffen"]
[Black "Scheckenbach, Franz"]
[Result "0-1"]
[ECO "B90"]
[WhiteElo "1974"]
[BlackElo "2106"]
[Annotator "NA"]
[PlyCount "94"]
[EventDate "2018.07.07"]
[EventType "team-tourn"]
[EventCountry "GER"]
[SourceTitle "playchess.com"]
[Source "ChessBase"]
[SourceQuality "1"]
[TimeControl "40/5400+30:1800+30"]

1. e4 c5 2. Nf3 d6 3. Nc3 Nf6 4. d4 cxd4 5. Nxd4 a6 6. Bc4 e6 7. Bb3 Nc6 8. Be3 Bd7 9. Qe2 Qc7 10. O-O-O Na5 11. Kb1 b5 12. Bc1 b4 13. Na4 e5 14. Nf5 Bb5 15. Qe1 Rc8 16. Ne3 Nxb3 17. axb3 Nxe4 18. f3 Nf6 19. Qxb4 d5 20. Qe1 Be7 21. c3 Bc6 22. Nf5 O-O 23. Be3 Bxa4 24. bxa4 Qd7 25. g4 Rb8 26. Nxe7+ Qxe7 27. g5 Nh5 28. Rxd5 Rxb2+ 29. Kxb2 Qb7+ 30. Ka1 Qxd5 31. Qd1 Qc6 32. Bd2 Rb8 33. Re1 Qc5 34. Qc2 g6 35. Rb1 Rd8 36. Bc1 Qc6 37. Qe4 Qc7 38. Rb7 Qc5 39. Rb1 Nf4 40. Ka2 Nd3 41. Bb2 Nxb2 42. Rxb2 Qxc3 43. Qb7 Qc4+ 44. Qb3 Qf4 45. Rg2 Rd4 46. Ka3 a5 47. Qb5 Qxf3+ 0-1

[Event "WTCC-50 2018"]
[Site "Radebeul"]
[Date "2018.07.10"]
[Round "4"]
[White "Luger, Jens"]
[Black "Gempe, Thomas"]
[Result "1/2-1/2"]
[ECO "D70"]
[WhiteElo "1920"]
[BlackElo "2178"]
[Annotator "NA"]
[PlyCount "40"]
[EventDate "2018.07.07"]
[EventType "team-tourn"]
[EventCountry "GER"]
[SourceTitle "playchess.com"]
[Source "ChessBase"]
[SourceQuality "1"]
[TimeControl "40/5400+30:1800+30"]

1. d4 Nf6 2. c4 g6 3. Nf3 Bg7 4. Nc3 d5 5. h3 O-O 6. Bf4 c5 7. e3 Nc6 8. dxc5 Qa5 9. Nd2 dxc4 10. Bxc4 Qxc5 11. Qe2 a6 12. Rc1 Qb4 13. O-O Qxb2 14. Bb3 Nh5 15. Bh2 Bxc3 16. Rc2 Qa3 17. Rxc3 Qa5 18. Rfc1 Nf6 19. Rc5 Qb6 20. R5c3 Qa5 1/2-1/2

[Event "WTCC-50 2018"]
[Site "Radebeul"]
[Date "2018.07.13"]
[Round "7"]
[White "Yermolinsky, Alex"]
[Black "Ruether, Rudolf"]
[Result "1-0"]
[ECO "D52"]
[WhiteElo "2505"]
[BlackElo "2118"]
[Annotator "ChessBase"]
[PlyCount "94"]
[EventDate "2018.07.07"]
[EventType "team-tourn"]
[EventCountry "GER"]
[SourceTitle "playchess.com"]
[Source "ChessBase"]
[SourceQuality "1"]
[TimeControl "40/5400+30:1800+30"]

1. d4 Nf6 2. c4 e6 3. Nf3 d5 4. Nc3 c6 5. Bg5 Nbd7 6. e3 Be7 7. Bd3 O-O 8. O-O dxc4 9. Bxc4 Nd5 10. Bxe7 Qxe7 11. e4 Nxc3 12. bxc3 c5 13. Re1 e5 14. d5 Nb6 15. Nd2 Bd7 16. a4 Nc8 17. Bb5 Nd6 18. Qe2 Rfc8 19. Reb1 Rab8 20. Bxd7 Qxd7 21. Nc4 Nxc4 22. Qxc4 Qd6 23. Rb2 Rc7 24. Rab1 h6 25. g3 Kh8 26. Kg2 Kg8 27. h4 Kh8 28. Rb5 Kg8 29. Qe2 Kh8 30. c4 Kg8 31. a5 Kh8 32. Qg4 b6 33. h5 Rcb7 34. R5b3 Kg8 35. Ra3 Qc7 36. Qf5 Qd6 37. axb6 axb6 38. Ra6 Re8 39. Rba1 Qe7 40. Ra8 Rbb8 41. R8a7 Rb7 42. Rxb7 Qxb7 43. d6 Re6 44. Rd1 Qd7 45. Rd5 f6 46. Qxe6+ Kf8 47. Qf5 Kf7 1-0

[Event "WTCC-50 2018"]
[Site "Radebeul"]
[Date "2018.07.13"]
[Round "7"]
[White "Schlosser, Philipp"]
[Black "Kryukova, Irina"]
[Result "1/2-1/2"]
[ECO "A05"]
[WhiteElo "2501"]
[BlackElo "2249"]
[Annotator "ChessBase"]
[PlyCount "85"]
[EventDate "2018.07.07"]
[EventType "team-tourn"]
[EventCountry "GER"]
[SourceTitle "playchess.com"]
[Source "ChessBase"]
[SourceQuality "1"]
[TimeControl "40/5400+30:1800+30"]

1. Nf3 Nf6 2. c4 e6 3. Nc3 d5 4. d4 Be7 5. g3 O-O 6. Bg2 b6 7. cxd5 exd5 8. O-O Bb7 9. Bf4 Nh5 10. Bd2 Nf6 11. Qc2 Nbd7 12. Rac1 c5 13. Rfd1 Rc8 14. Bf4 a6 15. dxc5 Nxc5 16. Nd4 Nce4 17. Qb3 Nc5 18. Qc2 Nce4 19. Qd3 Qd7 20. Qb1 Nxc3 21. Rxc3 Rxc3 22. bxc3 b5 23. Nf5 Bc5 24. Be3 Qc7 25. Bd4 Bxd4 26. cxd4 Rc8 27. a4 g6 28. Ne3 bxa4 29. Qb4 Qd7 30. Ra1 Bc6 31. Qb6 Kg7 32. Bf3 Bb5 33. h4 h5 34. Kg2 Rc6 35. Qa5 Rc8 36. Qb6 Rc6 37. Qb8 Rc8 38. Qf4 Re8 39. Ra2 Rc8 40. Qe5 Re8 41. Qf4 Rc8 42. Qe5 Re8 43. Qf4 1/2-1/2

[Event "WTCC-50 2018"]
[Site "Radebeul"]
[Date "2018.07.13"]
[Round "7"]
[White "Volke, Karsten"]
[Black "Fatalibekova, Elena"]
[Result "1/2-1/2"]
[ECO "E44"]
[WhiteElo "2474"]
[BlackElo "2195"]
[Annotator "RC"]
[PlyCount "116"]
[EventDate "2018.07.07"]
[EventType "team-tourn"]
[EventCountry "GER"]
[SourceTitle "playchess.com"]
[Source "ChessBase"]
[SourceQuality "1"]
[TimeControl "40/5400+30:1800+30"]

1. d4 Nf6 2. c4 e6 3. Nc3 Bb4 4. e3 b6 5. Nge2 Ne4 6. Bd2 Nxd2 7. Qxd2 d5 8. cxd5 exd5 9. a3 Be7 10. g3 O-O 11. Bg2 c6 12. O-O Nd7 13. b4 Nf6 14. Nf4 Bd6 15. Nd3 Ba6 16. Rfc1 Rc8 17. Ne5 Re8 18. f4 Bb7 19. Qb2 Qe7 20. Qb3 Red8 21. h3 Bb8 22. g4 b5 23. Re1 Bxe5 24. fxe5 Nd7 25. e4 Nb6 26. exd5 Nxd5 27. Nxd5 cxd5 28. Rac1 Rc4 29. Qe3 Rdc8 30. Bf1 Rxc1 31. Rxc1 Rxc1 32. Qxc1 a6 33. Qc5 Qg5 34. Qc7 Qe3+ 35. Kh1 h5 36. Qxb7 Qc1 37. Kg2 Qd2+ 38. Kf3 Qc3+ 39. Ke2 Qc2+ 40. Ke1 Qc1+ 41. Kf2 Qf4+ 42. Ke2 Qe4+ 43. Kd2 Qxd4+ 44. Bd3 Qb2+ 45. Kd1 Qa1+ 46. Ke2 Qxe5+ 47. Kf3 Qf6+ 48. Kg2 Qb2+ 49. Kf3 Qf6+ 50. Ke2 Qb2+ 51. Kd1 Qa1+ 52. Kd2 Qb2+ 53. Bc2 Qd4+ 54. Bd3 Qb2+ 55. Kd1 Qa1+ 56. Ke2 Qe5+ 57. Kf3 Qf6+ 58. Kg2 Qb2+ 1/2-1/2

[Event "WTCC-50 2018"]
[Site "Radebeul"]
[Date "2018.07.13"]
[Round "7"]
[White "Casper, Thomas"]
[Black "Ehlvest, Jaan"]
[Result "1-0"]
[ECO "C24"]
[WhiteElo "2354"]
[BlackElo "2536"]
[Annotator "ChessBase"]
[PlyCount "79"]
[EventDate "2018.07.07"]
[EventType "team-tourn"]
[EventCountry "GER"]
[SourceTitle "playchess.com"]
[Source "ChessBase"]
[SourceQuality "1"]
[TimeControl "40/5400+30:1800+30"]

1. e4 e5 2. Bc4 Nf6 3. d3 Nc6 4. Nc3 Na5 5. Nge2 Be7 6. O-O O-O 7. Ng3 d6 8. Bb3 Nxb3 9. axb3 d5 10. h3 c6 11. Qf3 g6 12. Bg5 Be6 13. exd5 cxd5 14. Rfe1 d4 15. Nb5 Nd7 16. Bxe7 Qxe7 17. Qxb7 Qb4 18. Qa6 Rfc8 19. Re2 Rab8 20. Nd6 Rd8 21. Nc4 Bxc4 22. bxc4 Qxb2 23. Qxa7 f5 24. Qa5 Kg7 25. Rae1 Qb7 26. f4 Ra8 27. Qd2 Re8 28. fxe5 Re6 29. Qf4 Qb6 30. Nf1 Rd8 31. Nd2 Nc5 32. Nf3 h6 33. h4 Re7 34. e6 Nxe6 35. Qe5+ Kf7 36. h5 Rg8 37. Qd5 Rd8 38. hxg6+ Kf6 39. Qe5+ Kxg6 40. Nh4+ 1-0

[Event "WTCC-50 2018"]
[Site "Radebeul"]
[Date "2018.07.13"]
[Round "7"]
[White "Wolf, Volker"]
[Black "Jhunjhnuwala, Ramesh"]
[Result "1/2-1/2"]
[ECO "B40"]
[WhiteElo "2323"]
[BlackElo "2260"]
[Annotator "NA"]
[PlyCount "80"]
[EventDate "2018.07.07"]
[EventType "team-tourn"]
[EventCountry "GER"]
[SourceTitle "playchess.com"]
[Source "ChessBase"]
[SourceQuality "1"]
[TimeControl "40/5400+30:1800+30"]

1. e4 c5 2. Nf3 e6 3. b3 d6 4. d4 cxd4 5. Nxd4 a6 6. Bd3 Nf6 7. O-O Be7 8. c4 O-O 9. Nc3 Qc7 10. Bb2 Nbd7 11. Qe2 b6 12. Rae1 Rd8 13. f4 Nf8 14. Kh1 Bb7 15. Bb1 Rac8 16. Qf2 N6d7 17. Nf3 Bf6 18. Qg3 g6 19. Re2 Bg7 20. Rc1 Bc6 21. Qe1 Nc5 22. b4 Ncd7 23. Nd5 exd5 24. cxd5 Bxb2 25. Rxc6 Qb7 26. Rxc8 Rxc8 27. Rxb2 Rc7 28. Nd4 b5 29. Nc6 Nb8 30. Nxb8 Qxb8 31. Rc2 Rxc2 32. Bxc2 Qc8 33. Bb3 Nd7 34. e5 dxe5 35. fxe5 Nxe5 36. h3 Qf5 37. Qd2 Kf8 38. Qd4 Qf1+ 39. Kh2 Qe2 40. Qc5+ Kg7 1/2-1/2

[Event "WTCC-50 2018"]
[Site "Radebeul"]
[Date "2018.07.13"]
[Round "7"]
[White "Titscher, Libor"]
[Black "Pruefer, Friedbert"]
[Result "1/2-1/2"]
[ECO "A16"]
[WhiteElo "2306"]
[BlackElo "2172"]
[Annotator "NA"]
[PlyCount "62"]
[EventDate "2018.07.07"]
[EventType "team-tourn"]
[EventCountry "GER"]
[SourceTitle "playchess.com"]
[Source "ChessBase"]
[SourceQuality "1"]
[TimeControl "40/5400+30:1800+30"]

1. c4 Nf6 2. Nc3 d5 3. cxd5 Nxd5 4. g3 g6 5. Bg2 Nb6 6. Nf3 Bg7 7. O-O O-O 8. d3 Nc6 9. Be3 a5 10. Qc1 Re8 11. Ng5 Nd4 12. Re1 c6 13. h3 a4 14. Kh2 Ra5 15. f4 a3 16. b4 Ra8 17. Rb1 h6 18. Nf3 Nxf3+ 19. Bxf3 Be6 20. b5 Nd5 21. Nxd5 cxd5 22. d4 Qd7 23. g4 Rec8 24. Qd2 Rc4 25. Rec1 Raa4 26. Rxc4 Rxc4 27. Qa5 Bxd4 28. Qxa3 Rc3 29. Qb2 Rc4 30. Qa3 Bxe3 31. Qxe3 Qd6 1/2-1/2

[Event "WTCC-50 2018"]
[Site "Radebeul"]
[Date "2018.07.13"]
[Round "7"]
[White "Fritsche, Lutz"]
[Black "Jhunjhnuwala, Krishan"]
[Result "1/2-1/2"]
[ECO "B24"]
[WhiteElo "2303"]
[BlackElo "2340"]
[Annotator "NA"]
[PlyCount "47"]
[EventDate "2018.07.07"]
[EventType "team-tourn"]
[EventCountry "GER"]
[SourceTitle "playchess.com"]
[Source "ChessBase"]
[SourceQuality "1"]
[TimeControl "40/5400+30:1800+30"]

1. e4 c5 2. Nc3 Nc6 3. g3 Nf6 4. Bg2 d6 5. d3 g6 6. Nf3 Bg7 7. O-O O-O 8. Nd5 Bg4 9. h3 Bd7 10. c3 Rb8 11. Bg5 e6 12. Nxf6+ Bxf6 13. Be3 Bg7 14. d4 b6 15. d5 exd5 16. Qxd5 Ne5 17. Nh2 Bc6 18. Qb3 Qe7 19. Rad1 b5 20. Bf4 Rfd8 21. Qc2 c4 22. Bxe5 dxe5 23. Ng4 Rxd1 24. Rxd1 1/2-1/2

[Event "WTCC-50 2018"]
[Site "Radebeul"]
[Date "2018.07.13"]
[Round "7"]
[White "Weitzer, Steffen"]
[Black "Lewis, Andrew P"]
[Result "1-0"]
[ECO "A48"]
[WhiteElo "2288"]
[BlackElo "2298"]
[Annotator "NA"]
[PlyCount "61"]
[EventDate "2018.07.07"]
[EventType "team-tourn"]
[EventCountry "GER"]
[SourceTitle "playchess.com"]
[Source "ChessBase"]
[SourceQuality "1"]
[TimeControl "40/5400+30:1800+30"]

1. d4 Nf6 2. Nf3 g6 3. Bf4 Bg7 4. e3 O-O 5. c3 d6 6. h3 c5 7. Be2 b6 8. a4 a6 9. O-O Bb7 10. Re1 Nc6 11. Na3 cxd4 12. exd4 Rc8 13. Bc4 Na5 14. Bd3 Re8 15. Bh2 d5 16. Ne5 Ne4 17. f3 Nd6 18. Qe2 f6 19. Nxg6 hxg6 20. Bxg6 e6 21. Bxe8 Nxe8 22. Qxe6+ Kf8 23. Re2 Bc6 24. Nc2 Nc4 25. Nb4 Bb7 26. Rae1 a5 27. Nd3 Bc6 28. Nf4 Bh6 29. Ng6+ Kg7 30. Ne7 Bd7 31. Qg8# {[%emt 0:00:03] Kxg8} 1-0

[Event "WTCC-50 2018"]
[Site "Radebeul"]
[Date "2018.07.13"]
[Round "7"]
[White "Schunk, Thomas"]
[Black "Schweitzer, Andreas"]
[Result "0-1"]
[ECO "A13"]
[WhiteElo "2238"]
[BlackElo "2239"]
[Annotator "NA"]
[PlyCount "93"]
[EventDate "2018.07.07"]
[EventType "team-tourn"]
[EventCountry "GER"]
[SourceTitle "playchess.com"]
[Source "ChessBase"]
[SourceQuality "1"]
[TimeControl "40/5400+30:1800+30"]

1. c4 e6 2. g3 d5 3. Bg2 Nf6 4. Qc2 c5 5. cxd5 exd5 6. Nf3 Nc6 7. O-O Be7 8. d3 O-O 9. Bg5 h6 10. Bf4 Be6 11. Nc3 Rc8 12. a3 d4 13. Nd1 Na5 14. Ne5 b5 15. Rc1 Qb6 16. Qb1 Nb3 17. Rc2 Rfd8 18. h3 Bd6 19. Nf3 Bxf4 20. gxf4 Nd5 21. e3 c4 22. Kh1 dxe3 23. fxe3 Nxe3 24. Nxe3 Qxe3 25. Rc3 Rxd3 26. Re1 Rxc3 27. Rxe3 Rc1+ 28. Qxc1 Nxc1 29. Nd4 Bd7 30. Bb7 Re8 31. Rxe8+ Bxe8 32. Ba6 Nd3 33. Bxb5 Bxb5 34. Nxb5 Nxb2 35. Kg2 a6 36. Nc3 f5 37. Kf3 Kf7 38. Ke3 g5 39. Nd5 g4 40. h4 Na4 41. Kd4 c3 42. Ne3 g3 43. Kd3 Kg6 44. Kc2 Nb6 45. Kxc3 Nd5+ 46. Nxd5 g2 47. Ne7+ 0-1

[Event "WTCC-50 2018"]
[Site "Radebeul"]
[Date "2018.07.13"]
[Round "7"]
[White "Kempter, Ronald"]
[Black "Schmidt, Reiner"]
[Result "1/2-1/2"]
[ECO "E68"]
[WhiteElo "2233"]
[BlackElo "2185"]
[Annotator "NA"]
[PlyCount "84"]
[EventDate "2018.07.07"]
[EventType "team-tourn"]
[EventCountry "GER"]
[SourceTitle "playchess.com"]
[Source "ChessBase"]
[SourceQuality "1"]
[TimeControl "40/5400+30:1800+30"]

1. Nf3 g6 2. g3 Bg7 3. d4 Nf6 4. Bg2 O-O 5. c4 d6 6. O-O Nbd7 7. Nc3 e5 8. e4 exd4 9. Nxd4 Re8 10. h3 a6 11. Re1 Rb8 12. Bf4 Nh5 13. Be3 Ne5 14. b3 Bd7 15. Rc1 Qc8 16. Kh2 Nf6 17. Nd5 b6 18. Bg5 Nxd5 19. cxd5 h6 20. Be3 g5 21. Qc2 Rb7 22. Rg1 g4 23. h4 Qd8 24. Rgd1 Qf6 25. Qe2 Nf3+ 26. Nxf3 Bb5 27. Qc2 gxf3 28. Bd4 Qg6 29. Bxf3 Bxd4 30. Rxd4 Qf6 31. Qd1 Kh8 32. Rd2 a5 33. Bg2 Re7 34. Rdc2 Qg7 35. Qd2 f6 36. Rc3 Be8 37. Qd3 Ra7 38. Qd4 Bg6 39. Re3 Ra8 40. Rce1 Rae8 41. Bh3 Kg8 42. g4 Qh7 1/2-1/2